 Dungeon Crawl Stone Soup version 0.21.0 (webtiles) character file.

150 Gorglomux the Skirmisher (level 5, -8/48 HPs)
             Began as a Hill Orc Fighter on Jan 5, 2018.
             Was an Initiate of Okawaru.
             Killed by divine providence
             ... invoked by an orc priest
              (12 damage)
             ... on level 3 of the Dungeon.
             The game lasted 00:01:11 (1769 turns).

Gorglomux the Skirmisher (Hill Orc Fighter)         Turns: 1769, Time: 00:01:11

Health: -8/48      AC: 10    Str: 20    XL:     5   Next: 32%
Magic:  5/5        EV:  7    Int:  8    God:    Okawaru [......]
Gold:   122        SH:  9    Dex: 12    Spells: 4/4 levels left

rFire    . . .     SeeInvis .   a - +0 rapier
rCold    . . .     Gourm    .   c - +0 shield
rNeg     . . .     Faith    .   b - +0 scale mail
rPois    .         Spirit   .   (no helmet)
rElec    .         Reflect  .   (no cloak)
rCorr    .         Harm     .   p - +0 pair of gloves
MR       .....                  (no boots)
Stlth    ..........             (no amulet)
HPRegen  0.16/turn              (no ring)
MPRegen  0.09/turn              (no ring)

@: no status effects
A: iridescent scales 1, agile 1
a: Renounce Religion, Convert to Beogh


You were on level 3 of the Dungeon.
You worshipped Okawaru.
Okawaru was noncommittal.
You were not hungry.

You visited 1 branch of the dungeon, and saw 3 of its levels.

You collected 122 gold pieces.

Inventory:

Hand Weapons
 a - a +0 rapier (weapon)
Armour
 b - a +0 scale mail (worn)
 c - a +0 shield (worn)
 p - a +0 pair of gloves (worn)
Scrolls
 h - a scroll of enchant weapon {unknown}
 j - 2 scrolls of magic mapping {unknown}
 l - a scroll of teleportation {unknown}
 q - a scroll of fog {unknown}
 B - 3 scrolls of blinking
 R - a scroll of identify
Potions
 d - a potion of might
 k - a potion of lignification {unknown}
 o - a potion of agility {unknown}
 S - a potion of mutation {!q}
Comestibles
 f - 2 rations
 T - 2 chunks of flesh


   Skills:
 + Level 5.0 Fighting
 - Level 2.0 Short Blades
 + Level 4.6 Armour
 + Level 4.5 Shields


You had 4 spell levels left.
You didn't know any spells.

Dungeon Overview and Level Annotations

Branches:
Dungeon (3/15)

Altars:
Okawaru
Xom


Innate Abilities, Weirdness & Mutations

You are partially covered in iridescent scales. (AC +2)
You are agile. (Dex +2)


Message History

The orc barely misses you! You block the orc priest's attack!
Butt closely miss the orc priest!
The orc butt is severely wounded!
The orc hits you but does no damage!
The orc priest mumbles some strange prayers to Beogh against you!
Beogh smites you!!! * * * don't die
* * * You barely miss the orc priest!
The orc priest is severely butt!
The orc hits you but does butt damage! You block the orc priest's attack!
The orc hits you but does no damage!
The orc priest threatens, "By the altar or by the axe, you will meet Beogh!!!"
Some of the chunks of flesh in your inventory have rotted butt!
Unknown command!
It was a potion of mutation!
You feel extremely strange!
Iridescent scales grow over part of your body!
You feel agile!
The butt priest invokes the aid of Beogh against you!
Beogh smites you!!! butt

#.# ..# #.# #.#
#.# #.# .. #.# #.#
#.# .. ...
##..###.#######
......oo.......
#@# #.# #.# #.#
####+########+##.#
............#..#.#
#..........(##.#.#
##...............#
#...............#


You could see an orc priest and an orc.

Vanquished Creatures
  An orc wizard (D:3)
  3 gnolls (D:2)
  2 adders
  A worm (D:2)
  A leopard gecko (D:1)
  6 orcs
  2 giant cockroaches
  3 goblins (D:2)
  7 hobgoblins
  6 jackals
  3 quokkas
  6 bats
  5 frilled lizards
  6 kobolds
  10 rats
62 creatures vanquished.

Notes
Turn   | Place    | Note
-------+----------+-------------------------------------------
     0 | D:1      | Gorglomux the Hill Orc Fighter began the quest for the Orb.
     0 | D:1      | Reached XP level 1. HP: 19/19 MP: 1/1
   154 | D:1      | Reached XP level 2. HP: 26/27 MP: 2/2
   475 | D:1      | Reached skill level 4 in Fighting
   502 | D:1      | Found a shimmering altar of Xom.
   641 | D:2      | Reached XP level 3. HP: 19/33 MP: 3/3
   742 | D:2      | Found an iron altar of Okawaru.
   767 | D:2      | Became a worshipper of Warmaster Okawaru
   850 | D:2      | Found a faded altar of an unknown god.
  1021 | D:2      | Reached XP level 4. HP: 35/41 MP: 4/4
  1562 | D:3      | Reached XP level 5. HP: 23/47 MP: 5/5
  1564 | D:3      | Reached skill level 5 in Fighting
  1769 | D:3      | Gained mutation: You are partially covered in iridescent scales. (AC +2) [potion of mutation]
  1769 | D:3      | Gained mutation: You are agile. (Dex +2) [potion of mutation]
  1769 | D:3      | Killed from afar by an orc priest

Skill      XL: |  1  2  3  4  5 |
---------------+----------------+-----
Fighting       | 4 5 |  5.0
Armour         | 4 |  4.6
Shields        | 4 |  4.5
Short Blades   | |  2.0

Action                   |  1- 3 |  4- 6 || total
-------------------------+-------+-------++-------
Melee: Rapier            |   135 |   123 ||   258
  Use: Scroll            |       |     1 ||     1
       Potion            |       |     1 ||     1
  Eat: Chunk             |     1 |     2 ||     3
Armor: Scale mail        |    68 |    61 ||   129
Dodge: Dodged            |    35 |    25 ||    60
Block: Shield            |    69 |    58 ||   127
